Map: Ruins of Endion

Players

Pokebunny

  • Race: Terran Terran
  • League: Grandmaster

Drunkenboi - Winner!

  • Race: Terran Terran
  • League: Grandmaster

VOD

Have the link to the VOD?

Description

Time

  • Played on: April 6, 2016, 4:11 p.m.
  • Length: 4:50
Show
View Real Time Build Order
Export as new Build Order

Pokebunny Terran 

Build Orders: Reaper Expand 

Get SALT Encoding   

  12  0:01  SCV  
  13  0:13  SCV  
  14  0:17  Supply Depot  
  14  0:25  SCV  
  15  0:39  Barracks, SCV  
  16  0:44  Refinery  
  16  0:51  SCV  
  17  1:03  SCV  
  18  1:15  SCV  
  19  1:26  Reaper  
  19  1:28  Orbital Command  
  20  1:41  Command Center  
  20  1:47  Supply Depot  
  20  1:57  SCV  
  20  1:58  Marine  
  22  2:07  Factory  
  22  2:14  SCV  
  23  2:17  Marine  
  23  2:18  Refinery  
  23  2:33  SCV  
  23  2:37  Marine  
  24  2:45  SCV  
  24  2:51  Hellion  
  27  2:52  Starport  
  27  2:56  Marine  
  27  2:57  SCV  
  29  3:10  SCV  
  30  3:17  Orbital Command  
  30  3:24  Marine  
  29  3:30  Widow Mine  
  29  3:31  SCV  
  32  3:42  Barracks Reactor  
  32  3:43  Medivac  
  32  3:45  SCV x2  
  36  3:57  SCV x2  
  36  4:00  Supply Depot  
  38  4:03  Factory Tech Lab  
  38  4:12  Command Center, SCV  
  38  4:13  SCV  
  40  4:19  Marine x2  
Show
View Real Time Build Order
Export as new Build Order

Drunkenboi Terran - Winner!

Build Orders: Reaper Expand 

Get SALT Encoding   

  12  0:01  SCV  
  13  0:13  SCV  
  14  0:17  Supply Depot  
  14  0:25  SCV  
  15  0:39  SCV  
  15  0:40  Barracks  
  16  0:43  Refinery  
  16  0:51  SCV  
  17  1:03  SCV  
  18  1:15  SCV  
  19  1:28  Reaper, Orbital Command  
  20  1:43  Command Center  
  20  1:51  Supply Depot  
  21  1:54  SCV  
  21  2:01  Marine  
  21  2:06  SCV  
  22  2:13  Factory  
  22  2:18  SCV  
  23  2:23  Marine  
  23  2:29  Refinery  
  24  2:30  SCV  
  25  2:42  Barracks Reactor, SCV  
  26  2:54  SCV  
  26  2:56  Orbital Command  
  26  2:57  Widow Mine  
  29  3:05  Starport  
  29  3:06  SCV  
  30  3:19  SCV  
  31  3:21  Marine x2  
  33  3:30  Factory Tech Lab  
  33  3:33  SCV x2  
  34  3:38  Supply Depot  
  34  3:39  Marine x2  
  36  3:42  Medivac  
  36  3:45  SCV x2  
  40  3:52  Cyclone  
  43  3:57  Supply Depot, Marine, SCV x2  
  43  3:59  Marine  
  43  4:02  Supply Depot  
  47  4:09  SCV x2  
  49  4:17  Barracks  
  49  4:18  Barracks, Marine  
  49  4:19  Marine  
  49  4:21  SCV  
  49  4:22  SCV  
  56  4:37  SCV  
Tags
 
Add a new tag
Caveats
  • Supply blocks, unpowered buildings, or Contaminate may cause inaccurate times.
  • Supply counts are checked every 10 seconds.